 Dungeon Crawl Stone Soup version 0.20.1-1-g8b1a95d (webtiles) character file.

27081 Kingsmith the Exorcist (level 13, -4/83 HPs)
             Began as a Gargoyle Fighter on Dec 6, 2017.
             Was an Elder of the Shining One.
             Slain by an entropy weaver (6 damage)
             ... on level 4 of the Lair of Beasts.
             The game lasted 00:46:43 (13726 turns).

Kingsmith the Exorcist (Gargoyle Fighter)          Turns: 13726, Time: 00:46:44

Health: -4/83      AC:  9    Str: 25    XL:     13   Next: 30%
Magic:  31/31      EV: 10    Int: 15    God:    the Shining One [****..]
Gold:   419        SH:  0    Dex:  9    Spells: 12/12 levels left

rFire    . . .     SeeInvis .   L - +4 battleaxe (flame)
rCold    + . .     Gourm    .   (shield currently unavailable)
rNeg     + + +     Faith    .   y - +4 scale mail {rPois}
rPois    ∞         Spirit   .   (no helmet)
rElec    +         Reflect  .   o - +0 cloak
rCorr    .         Harm     .   l - +2 pair of gloves
MR       .....                  (no boots)
Stlth    ..........             z - amulet of Qepopn {*Drain rC+ Regen+ Int+4}
Regen    0.7/turn               t - ring of magical power
MPRegen  0.3/turn               (no ring)

@: about to teleport, corroded, glowing
A: hooves 1, slimy green scales 1, negative energy resistance 1, sense
surroundings 1, electricity resistance, strong 1, unbreathing, petrification
resistance, rot immunity, AC +9
a: Divine Shield, Cleansing Flame, Renounce Religion


You were on level 4 of the Lair of Beasts.
You worshipped the Shining One.
The Shining One was greatly pleased with you.
You were not hungry.

You visited 3 branches of the dungeon, and saw 16 of its levels.

You collected 1212 gold pieces.
You spent 793 gold pieces at shops.

Inventory:

Hand Weapons
 i - a +5 whip
 L - a +4 battleaxe of flaming (weapon)
Armour
 c - a +1 shield
 l - a +2 pair of gloves (worn)
 o - a +0 cloak (worn)
 y - a +4 scale mail of poison resistance (worn)
Magical Staves
 B - an uncursed staff of cold
Jewellery
 t - a ring of magical power (left hand)
 u - an uncursed amulet of regeneration
 x - an uncursed amulet of the gourmand
 z - the amulet of Qepopn (around neck) {*Drain rC+ Regen+ Int+4}
   (You found it on level 2 of the Lair of Beasts)

   [amulet of regeneration]

   It affects your intelligence (+4).
   It protects you from cold.
   It increases your rate of regeneration.
   It causes draining when unequipped.
 S - an uncursed ring of protection from fire {unknown}
Wands
 a - a wand of scattershot (3/9)
 b - a wand of paralysis (14/24)
 v - a wand of digging (5/24)
 w - a wand of polymorph (12/24)
 I - a wand of acid (5/15)
 N - a wand of polymorph (5/24)
 P - a wand of flame (16/48)
Scrolls
 d - 2 scrolls of enchant weapon
 g - 13 scrolls of remove curse
 j - 7 scrolls of teleportation
 k - 5 scrolls of amnesia
 p - 3 scrolls of fear
 r - a scroll of fog
 s - 3 scrolls of enchant armour
 G - 5 scrolls of identify
 J - a scroll of vulnerability
 M - a scroll of immolation {unknown}
 Q - a scroll of torment {unknown}
 R - a scroll of magic mapping
 T - a scroll of holy word {unknown}
Potions
 e - 6 potions of brilliance
 m - 3 potions of curing
 q - 6 potions of lignification
 A - a potion of cancellation {unknown}
 C - a potion of flight
 E - 2 potions of haste
 H - 2 potions of invisibility {unknown}
 K - 4 potions of agility
Books
 h - a book of the Earth

   Spells                             Type                      Level
   a - Leda's Liquefaction            Hexes/Earth                  4
   b - Bolt of Magma                  Conjuration/Fire/Earth       5
   c - Statue Form                    Transmutation/Earth          6
   d - Iron Shot                      Conjuration/Earth            6
   e - Shatter                        Earth                        9
Comestibles
 f - 7 bread rations
 n - 11 meat rations
 D - 5 royal jellies
 F - 28 fruits
 O - 8 chunks of flesh


   Skills:
 - Level 10.7 Fighting
 + Level 6.0(6.1) Axes
   Level 1.7(4.2) Polearms
 - Level 12.9 Armour
 - Level 10.0 Shields
 - Level 13.2 Invocations


You had 12 spell levels left.
You didn't know any spells.

Dungeon Overview and Level Annotations

Branches:
Dungeon (11/15)            Temple (1/1) D:5            Lair (4/6) D:11
  Swamp (0/4) Lair:4       Spider (0/4) Lair:3
    Orc: D:9-12

Altars:
Ashenzari
Cheibriados
Dithmenos
Elyvilon
Fedhas
Gozag
Hepliaklqana
Kikubaaqudgha
Makhleb
Nemelex Xobeh
Okawaru
Qazlal
Ru
Sif Muna
Trog
Uskayaw
Vehumet
Xom
Yredelemnul
Zin
The Shining One

Shops:
D:5 :   D:9 %*   D:10 :=*[(

Annotations:
D:5 Book Shop
D:9 Food Shop
D:10 Book Shop; Vial of Floods 400 gold Acid Dragon Armour 400 Gold


Innate Abilities, Weirdness & Mutations

You are resistant to torment.
Your stone body is resilient. (AC +9)
You are immune to poison.
You resist negative energy. (rN+)
You are resistant to electric shocks. (rElec)
You can survive without breathing.
You are immune to petrification.
You are immune to rotting.
You have large cloven feet.
You are partially covered in slimy green scales. (AC +2)
You passively map a small area around you.
Your muscles are strong. (Str +2)


Message History

The entropy weaver hits you.
* * * LOW HITPOINT WARNING * * *
The entropy weaver hits you.
* * * LOW HITPOINT WARNING * * *
Okay, then.
As you read the scroll of teleportation, it crumbles to dust.
You feel strangely unstable. The entropy weaver hits you!
* * * LOW HITPOINT WARNING * * *
The entropy weaver hits you! The Shining One protects you from harm!
The entropy weaver hits you.
* * * LOW HITPOINT WARNING * * *
The entropy weaver hits you but does no damage.
Okay, then.
You feel better. The soldier ant stings you!
* * * LOW HITPOINT WARNING * * *
The soldier ant barely misses you.
The entropy weaver hits you but does no damage.
The entropy weaver closely misses you. The entropy weaver hits you.
You die...

§§§§§♣......# * *
≈§≈§≈♣♣.a..##
§≈§§♣♣....a# **
≈≈§♣...aa.# ≈≈♣♣...aa.#
.≈........# .......a..##
P......aa..#
#.....a@a.##
##........## #.........#
#........P###*#
#..>........#.#
##.............#
#P............... #####
##............... ##.##.
#.....+#.#.#.....##..P..


You could see a queen ant, an entropy weaver, 7 soldier ants and 2 worker ants.

Vanquished Creatures
  3 hydras
  3 two-headed ogres
  The ghost of p0werm0de the Blocker, a novice DDFi of Makhleb (D:8)
  The ghost of Fairytaker the Chopper, a novice DDFi (D:6)
  An orb spider (Lair:3)
  An ugly thing (D:11)
  Maurice (D:8)
  Joseph (Lair:1)
  A torpor snail (Lair:4)
  2 black mambas
  A gargoyle (D:11)
  3 spiny frogs
  2 rime drakes (Lair:3)
  4 komodo dragons
  A troll (D:11)
  A polar bear (Lair:2)
  Prince Ribbit (D:8)
  2 dream sheep (D:9)
  A slime creature (Lair:2)
  11 blink frogs
  3 hippogriffs
  The ghost of Kingsmith the Magician, an amateur DECj (D:4)
  A wyvern (D:8)
  26 yaks
  4 basilisks
  The ghost of bobthegiant the Ruffian, an amateur DrWr (D:5)
  Menkaure (D:4)
  2 wargs (D:11)
  5 soldier ants (Lair:4)
  7 water moccasins
  4 orc warriors
  3 porcupines
  2 ice beasts
  6 sky beasts
  An eye of draining (D:10)
  A necrophage (D:11)
  An ogre (D:7)
  3 phantoms
  4 centaurs
  7 crocodiles
  5 big kobolds
  11 bullfrogs
  A gnoll sergeant (D:8)
  5 scorpions
  7 killer bees
  13 wights
  2 howler monkeys
  3 crimson imps
  2 centaur zombies
  2 hounds
  7 orc priests
  10 orc wizards
  3 bullfrog skeletons (D:9)
  A bullfrog zombie (D:6)
  7 jellies
  A gnoll shaman (D:5)
  Ijyb (D:4)
  Natasha (thrice) (D:4)
  4 iguanas
  8 worker ants
  A statue (D:9)
  The ghost of p0werm0de the Covered, a weakling DDFi (D:3)
  A hound zombie (D:6)
  A hound skeleton (D:5)
  A howler monkey zombie (D:6)
  2 worker ant zombies
  16 gnolls
  A howler monkey skeleton (D:11)
  7 adders
  2 shadow imps
  16 oozes
  3 adder skeletons
  2 adder zombies
  A worm (D:5)
  2 dart slugs
  7 leopard geckos
  21 orcs
  2 bats
  3 giant cockroaches
  6 hobgoblins
  6 jackals
  8 kobolds
  6 quokkas
  5 frilled lizards
  5 goblins
  A leopard gecko zombie (D:5)
  2 rats (D:1)
  2 fungi
352 creatures vanquished.

Vanquished Creatures (others)
  4 fungi (Lair:2)
4 creatures vanquished.

Grand Total: 356 creatures vanquished

Notes
Turn   | Place    | Note
-------+----------+-------------------------------------------
     0 | D:1      | Kingsmith the Gargoyle Fighter began the quest for the Orb.
     0 | D:1      | Reached XP level 1. HP: 14/14 MP: 1/1
    91 | D:1      | Reached XP level 2. HP: 18/20 MP: 2/2
   573 | D:2      | Reached XP level 3. HP: 22/24 MP: 3/3
  1048 | D:2      | Reached skill level 5 in Fighting
  1249 | D:3      | Noticed p0werm0de's ghost (weakling DDFi)
  1299 | D:4      | Reached XP level 4. HP: 26/31 MP: 4/4
  1422 | D:4      | Reached XP level 5. HP: 26/36 MP: 5/5
  1707 | D:4      | Noticed Natasha
  1722 | D:4      | Killed Natasha
  1936 | D:4      | Reached XP level 6. HP: 41/44 MP: 6/6
  1993 | D:4      | Noticed Ijyb
  2018 | D:4      | Noticed Kingsmith's ghost (amateur DECj)
  2022 | D:4      | Killed Ijyb
  2035 | D:4      | Noticed Natasha
  2044 | D:4      | Killed Natasha
  2052 | D:4      | HP: 3/66 [Kingsmith's ghost (4)]
  2059 | D:4      | Killed Kingsmith's ghost
  2059 | D:4      | Reached XP level 7. HP: 4/50 MP: 7/7
  2090 | D:4      | Noticed Natasha
  2425 | D:4      | Killed Natasha
  2624 | D:4      | Noticed Menkaure
  2637 | D:4      | Killed Menkaure
  2713 | D:5      | Entered Level 5 of the Dungeon
  2773 | D:5      | Found a staircase to the Ecumenical Temple.
  2777 | D:5      | Noticed bobthegiant's ghost (amateur DrWr)
  2803 | Temple   | Entered the Ecumenical Temple
  3174 | D:5      | Reached skill level 10 in Fighting
  3174 | D:5      | Reached XP level 8. HP: 37/57 MP: 8/8
  3391 | D:5      | Found a glowing golden altar of the Shining One.
  3402 | D:5      | Became a worshipper of the Shining One
  3469 | D:5      | Killed bobthegiant's ghost
  3469 | D:5      | Reached skill level 5 in Shields
  3493 | D:5      | Found Suitic's Book Shop.
  3741 | D:5      | Found a bloodstained altar of Trog.
  3990 | D:7      | Reached XP level 9. HP: 62/63 MP: 9/9
  4044 | D:6      | Reached * piety under the Shining One
  4191 | D:6      | Found a sacrificial altar of Ru.
  4298 | D:6      | Noticed Fairytaker's ghost (novice DDFi)
  4331 | D:6      | HP: 2/63 [Fairytaker's ghost (9)]
  4487 | D:6      | HP: 3/63 [Fairytaker's ghost (4)]
  4798 | D:3      | Killed p0werm0de's ghost
  5268 | D:6      | Found a deep blue altar of Sif Muna.
  5278 | D:6      | Reached skill level 10 in Shields
  5414 | D:6      | Found a hide-covered altar of Uskayaw.
  5600 | D:6      | Reached ** piety under the Shining One
  5692 | D:6      | Killed Fairytaker's ghost
  5839 | D:8      | Noticed p0werm0de's ghost (novice DDFi)
  5856 | D:7      | Reached XP level 10. HP: 31/68 MP: 10/10
  5883 | D:7      | Identified a scroll of acquirement
  5907 | D:7      | Found a white marble altar of Elyvilon.
  5907 | D:7      | Found a shadowy altar of Dithmenos.
  5912 | D:7      | Found a shattered altar of Ashenzari.
  5914 | D:7      | Found a sacrificial altar of Ru.
  5916 | D:7      | Found a faded altar of an unknown god.
  6286 | D:8      | Killed p0werm0de's ghost
  6575 | D:8      | Reached *** piety under the Shining One
  6698 | D:8      | Found an ancient bone altar of Kikubaaqudgha.
  6743 | D:8      | Noticed Maurice
  6747 | D:8      | Paralysed by Maurice for 7 turns
  6780 | D:8      | Paralysed by Maurice for 6 turns
  6795 | D:8      | Killed Maurice
  6795 | D:8      | Reached skill level 10 in Armour
  7072 | D:8      | Noticed Prince Ribbit
  7100 | D:8      | Killed Prince Ribbit
  7659 | D:9      | HP: 2/68 [yak (9)]
  7675 | D:9      | Reached XP level 11. HP: 7/73 MP: 11/11
  7999 | D:9      | Noticed a three-headed hydra
  8013 | D:9      | Killed a three-headed hydra
  8134 | D:9      | Found Qaerant's Food Emporium.
  8150 | D:9      | Noticed a two-headed ogre
  8175 | D:9      | Killed a two-headed ogre
  8203 | D:9      | Found a radiant altar of Vehumet.
  8274 | D:9      | Reached skill level 1 in Invocations
  8319 | D:9      | Reached skill level 2 in Invocations
  8355 | D:9      | Found Dana's Changing Room.
  8373 | D:9      | Bought a potion of mutation for 80 gold pieces
  8373 | D:9      | Gained mutation: You are partially covered in slimy green scales. (AC +2) [potion of mutation]
  8373 | D:9      | Gained mutation: You are partially covered in yellow scales. (AC +2) [potion of mutation]
  8374 | D:9      | Lost mutation: You are partially covered in yellow scales. (AC +2) [potion of mutation]
  8374 | D:9      | Gained mutation: You passively map a small area around you. [potion of mutation]
  8374 | D:9      | Gained mutation: Your muscles are strong. (Str +2) [potion of mutation]
  8374 | D:9      | Gained mutation: You have large cloven feet. [potion of mutation]
  8405 | D:9      | Found a hazy altar of Hepliaklqana.
  8578 | D:9      | Found a blossoming altar of Fedhas.
  8661 | D:10     | Entered Level 10 of the Dungeon
  8673 | D:10     | Reached skill level 3 in Invocations
  8783 | D:10     | Found Sixysh's General Store.
  8807 | D:10     | Bought a scroll of identify for 20 gold pieces
  8807 | D:10     | Bought a +4 battleaxe of flaming for 337 gold pieces
  8807 | D:10     | Bought a meat ration for 50 gold pieces
  8967 | D:10     | Reached skill level 4 in Invocations
  9065 | D:10     | Found Ecle's Armour Shop.
  9070 | D:10     | Bought a +4 scale mail of poison resistance for 280 gold pieces
  9214 | D:10     | Found Agarph's Jewellery Boutique.
  9217 | D:10     | Bought a cursed -5 ring of slaying for 26 gold pieces
  9356 | D:10     | Reached skill level 5 in Invocations
  9405 | D:10     | Found Gewurupn's Book Shop.
  9498 | D:10     | Found Guidghen's Weapon Shoppe.
  9584 | D:11     | Found a staircase to the Lair.
  9586 | D:11     | Reached **** piety under the Shining One
  9808 | D:11     | Reached skill level 6 in Invocations
  9986 | D:11     | Noticed a purple ugly thing
 10004 | D:11     | Killed a purple ugly thing
 10004 | D:11     | Reached skill level 7 in Invocations
 10014 | D:11     | Noticed a two-headed ogre
 10021 | D:11     | Killed a two-headed ogre
 10079 | D:11     | Noticed a two-headed ogre
 10124 | D:11     | Reached skill level 8 in Invocations
 10150 | D:11     | Killed a two-headed ogre
 10150 | D:11     | Reached skill level 9 in Invocations
 10150 | D:11     | Reached XP level 12. HP: 32/78 MP: 18/18
 10576 | Lair:1   | Entered Level 1 of the Lair of Beasts
 10697 | Lair:1   | Noticed Joseph
 10710 | Lair:1   | Killed Joseph
 10710 | Lair:1   | Reached skill level 10 in Invocations
 11504 | Lair:2   | Got a vibrating steel amulet
 11510 | Lair:2   | Found a shimmering altar of Xom.
 11585 | Lair:2   | Reached skill level 11 in Invocations
 11668 | Lair:2   | Noticed a six-headed hydra
 11693 | Lair:1   | Killed a two-headed hydra
 11877 | Lair:2   | Reached skill level 12 in Invocations
 12069 | Lair:2   | Identified the amulet of Qepopn {*Drain rC+ Regen+ Int+4} (You found it on level 2 of the Lair of Beasts)
 12533 | Lair:3   | Reached skill level 13 in Invocations
 12676 | Lair:3   | Found a hole to the Spider Nest.
 12729 | Lair:3   | Reached skill level 1 in Axes
 12802 | Lair:3   | Reached XP level 13. HP: 83/83 MP: 22/22
 13514 | Lair:4   | Reached skill level 5 in Axes
 13673 | Lair:4   | Found a staircase to the Swamp.
 13695 | Lair:4   | Noticed an entropy weaver
 13697 | Lair:4   | Noticed an entropy weaver
 13725 | Lair:4   | The Shining One protects you from harm!
 13726 | Lair:4   | HP: 2/83 [soldier ant (9)]
 13726 | Lair:4   | Slain by an entropy weaver

Skill      XL: |  1  2  3  4  5  6  7  8  9 10 11 12 13 |
---------------+----------------------------------------+-----
Fighting       | 4 5 6 7 8 10 | 10.7
Shields        | 7 10 | 10.0
Armour         | 7 11 12 | 12.9
Invocations    | 9 13 | 13.2
Axes           | 1 6 |  6.0
Polearms       | |  1.7

Action                   |  1- 3 |  4- 6 |  7- 9 | 10-12 | 13-15 || total
-------------------------+-------+-------+-------+-------+-------++-------
Melee: Trident           |   132 |   170 |   623 |   644 |       ||  1569
       Whip              |       |       |       |   182 |       ||   182
       Kick              |       |       |       |   173 |    14 ||   187
       Battleaxe         |       |       |       |   173 |    70 ||   243
Invok: Divine Shield     |       |       |       |     1 |       ||     1
       Cleansing Flame   |       |       |       |     1 |       ||     1
  Use: Scroll            |     1 |     5 |     3 |    12 |     1 ||    22
       Potion            |       |     4 |     2 |     7 |     1 ||    14
  Eat: Chunk             |     1 |     3 |     7 |    33 |     3 ||    47
       Bread ration      |       |       |     1 |       |       ||     1
       Royal jelly       |       |       |     1 |       |       ||     1
Armor: Scale mail        |    98 |   119 |   420 |   517 |    93 ||  1247
       Skin              |       |    47 |       |       |       ||    47
Dodge: Dodged            |    72 |    73 |   288 |   332 |    71 ||   836
Block: Shield            |       |       |    80 |   527 |       ||   607
